 Dungeon Crawl Stone Soup version 0.31-a0-1570-g93c622d222 (webtiles) character file.

Game seed: 7776368096941436792

241 Flugslaktarn the Apothecary (level 6, -4/36 HPs)
             Began as an Octopode Alchemist on Jan 3, 2024.
             Slain by a wight
             ... wielding a +2 long sword
              (16 damage)
             ... on level 6 of the Dungeon.
             The game lasted 00:02:39 (1143 turns).

Flugslaktarn the Apothecary (Octopode Alchemist)    Turns: 1143, Time: 00:02:40

Health: -4/36      AC:  1    Str:  7    XL:     6   Next: 8%
Magic:  11/11      EV: 13    Int: 19    God:
Gold:   61         SH:  0    Dex: 13    Spells: 7/12 levels left

rFire   . . .        e - +0 long sword
rCold   . . .        (no shield)
rNeg    . . .        (helmet restricted)
rPois   .            f - amulet of regeneration
rElec   .            k - ring of resist corrosion
rCorr   +            (no ring)
SInv    .            (no ring)
Will    .....        (no ring)
Stlth   +++          (no ring)
HPRegen 1.06/turn    (no ring)
MPRegen 0.12/turn    (no ring)
                     (no ring)

%: no passive effects
@: no status effects
A: almost no armour, amphibious, 8 rings, camouflage 1, gelatinous body 1,
(nimble swimmer 1), tentacles
a: no special abilities


You were on level 6 of the Dungeon.
You visited 1 branch of the dungeon, and saw 6 of its levels.

You collected 61 gold pieces.

Inventory:

Hand Weapons
 e - a +0 long sword (weapon)
   (You found it on level 3 of the Dungeon)
Jewellery
 f - an amulet of regeneration (around mantle)
   (You found it on level 3 of the Dungeon)
 k - a ring of resist corrosion (left tentacle)
   (You found it on level 3 of the Dungeon)
Scrolls
 c - a scroll of identify {unknown}
 d - a scroll of immolation {unknown}
Potions
 a - a potion of magic
 b - a potion of heal wounds {unknown}
 g - a potion of attraction {unknown}


   Skills:
 - Level 2.0 Dodging
 - Level 2.6 Stealth
 + Level 3.6 Spellcasting
 - Level 1.0 Conjurations
 * Level 6.2 Alchemy


You had 7 spell levels left.
You knew the following spells:

 Your Spells              Type           Power      Damage    Failure   Level
a - Sting                 Conj/Alch      68%        1d7       3%          1
b - Olgreb's Toxic Radia  Alch           27%        N/A       11%         4

Your spell library contained the following spells:

 Spells                   Type           Power      Damage    Failure   Level
 Mercury Vapours          Alch/Air       30%        N/A       6%          2
 Cigotuvi's Dreadful Rot  Necr/Alch/Air  22%        N/A       10%         2
 Mephitic Cloud           Conj/Alch/Air  12%        N/A       16%         3
 Momentum Strike          Conj/Tloc      10%        3d8       19%         2
 Blink                    Tloc           6%         N/A       22%         2
 Lesser Beckoning         Tloc           6%         N/A       22%         2
 Ignite Poison            Fire/Alch      15%        N/A       36%         4
 Sticky Flame             Fire/Alch      15%        2d5       36%         4
 Freezing Cloud           Conj/Ice/Air   2%         6-21      98%         5


Dungeon Overview and Level Annotations

Branches:
Dungeon (6/15)
 Temple: D:4-7

Altars:
Cheibriados

Annotations:
D:3 2 transporters, Flugslaktarn's ghost, amateur MiFi
D:4 Pikel


Innate Abilities, Weirdness & Mutations

You cannot wear most types of armour.
You are amphibious.
You can wear up to eight rings at the same time.
Your skin changes colour to match your surroundings (Stealth+).
Your rubbery body absorbs attacks. (AC +1, EV +1)
((You are camouflaged when in or above water. (Stealth+)))
You have tentacles for arms and can constrict up to eight enemies at once.


Message History

Found a snail-covered altar of Cheibriados.
Found an escape hatch in the ceiling.
Unknown command.
You open the door.
Casting: Sting (safe; 3% risk of failure)
Confirm with . or Enter, or press ? or * to list all spells.
Aiming: Sting (safe; 3% risk of failure)
Press: ? - help, Shift-Dir - straight line, f - bombardier beetle
Aim: a bombardier beetle (84% to hit)
The sting hits the bombardier beetle but does no damage.
The bombardier beetle is poisoned.
Casting: Sting (safe; 3% risk of failure)
Confirm with . or Enter, or press ? or * to list all spells.
You can't see any susceptible monsters within range! (Use Z to cast anyway.)
Casting: Sting (safe; 3% risk of failure)
Confirm with . or Enter, or press ? or * to list all spells.
Aiming: Sting (safe; 3% risk of failure)
Press: ? - help, Shift-Dir - straight line, f/p - bombardier beetle
Aim: a bombardier beetle (moderately wounded, poisoned, 84% to hit)
The sting hits the bombardier beetle.
The bombardier beetle looks even sicker.
The bombardier beetle is moderately wounded.
Casting: Sting (safe; 3% risk of failure)
Confirm with . or Enter, or press ? or * to list all spells.
Aiming: Sting (safe; 3% risk of failure)
Press: ? - help, Shift-Dir - straight line, f/p - bombardier beetle
Aim: a bombardier beetle (almost dead, poisoned, 84% to hit)
The sting hits the bombardier beetle.
The bombardier beetle looks even sicker.
The bombardier beetle is almost dead.
You kill the bombardier beetle!
Your Alchemy skill increases to level 6!
You have reached level 6!
There is a stone staircase leading up here.
Magic restored.
Found a pair of gloves.
Found a stone staircase leading up.
There is a stone staircase leading up here.
A wight comes into view. It is wielding a +0 mace.
Found an escape hatch in the ceiling. 2 ufetubi come into view.
The ufetubus shouts!
You hear a shout!
The ufetubus shouts!
You hear a shout!
A wight comes into view. It is wielding a +2 long sword.
Casting: Sting (safe; 3% risk of failure)
Confirm with . or Enter, or press ? or * to list all spells.
Aiming: Sting (safe; 3% risk of failure)
Press: ? - help, Shift-Dir - straight line, f - ufetubus
Aim: an ufetubus (57% to hit)
The sting misses the ufetubus.
The ufetubus hits you. The ufetubus barely misses you.
The ufetubus slips past you! The ufetubus hits you. x2
You miss the ufetubus. You grab the ufetubus.
You constrict the ufetubus, but do no damage.
The ufetubus misses you. The ufetubus hits you.
The ufetubus completely misses you. The ufetubus hits you. x2
The ufetubus closely misses you.
Okay, then.
Okay, then.
You release your grip on the ufetubus.
The ufetubus barely misses you. The ufetubus hits you.
The ufetubus closely misses you. The ufetubus hits you. x2
The ufetubus barely misses you. The wight completely misses you.
The ufetubus attacks as it pursues you! The ufetubus barely misses you.
The ufetubus hits you. The ufetubus misses you. The ufetubus hits you.
Casting: Sting (safe; 3% risk of failure)
Confirm with . or Enter, or press ? or * to list all spells.
You begin to radiate toxic energy.
The ufetubus is poisoned. x2
The ufetubus looks even sicker.
The ufetubus slips past you! The ufetubus hits you.
The ufetubus closely misses you.
Casting: Olgreb's Toxic Radiance (quite dangerous; 12% risk of failure)
Confirm with . or Enter, or press ? or * to list all spells.
Aiming: Sting (safe; 3% risk of failure)
Press: ? - help, Shift-Dir - straight line, f/p - ufetubus
Aim: an ufetubus (moderately wounded, very poisoned, 57% to hit)
The sting misses the ufetubus.
The sting hits the wight.
The wight partially resists.
The wight is lightly damaged.
You kill the ufetubus!
Your toxic aura wanes.
The ufetubus slips past you! The ufetubus misses you. x2
The wight throws a stone.
The stone closely misses you.
Casting: Sting (safe; 3% risk of failure)
Confirm with . or Enter, or press ? or * to list all spells.
Aiming: Sting (safe; 3% risk of failure)
Press: ? - help, Shift-Dir - straight line, f/p - ufetubus
Aim: an ufetubus (heavily wounded, very poisoned, 57% to hit)
The sting hits the ufetubus but does no damage.
The ufetubus looks even sicker.
The ufetubus is heavily wounded.
The ufetubus hits you. x2; The ufetubus barely misses you.
The ufetubus hits you.
* * * LOW HITPOINT WARNING * * *
The wight closely misses you.
You closely miss the ufetubus. Your grab misses the ufetubus.
The ufetubus is almost dead.
You kill the ufetubus!
The wight misses you. Magic courses through your body.
The wight hits you with a +2 long sword!
You die...

#..!.5.... # #.#
#.#.# #.#.#
#####.#.####
#......z...####
#.###.....z...#
#.# ###<##z##.#
#.# #.##@# #.#
#.##.# ###.##
#..#.#
#....#####.#.# #
##........#...#
#.##/.######..#..#
#....##....##....#
#.##.#.####.#.#.##
# #.#.#<_#.#.#.#


You could see 2 wights.

Vanquished Creatures
  A lemure (D:4)
  A scorpion (D:5)
  2 bombardier beetles
  A hound (D:5)
  An orc wizard (D:4)
  An adder (D:5)
  2 ufetubi (D:6)
  A ribbon worm (D:3)
  4 orcs
  An endoplasm (D:2)
  A giant cockroach (D:3)
  5 goblins
  4 hobgoblins (D:3)
  2 ball pythons
  A bat (D:3)
  A frilled lizard (D:2)
  A kobold (D:3)
  A rat (D:3)
31 creatures vanquished.

Notes
Turn   | Place    | Note
-------+----------+-------------------------------------------
     0 | D:1      | Flugslaktarn the Octopode Alchemist began the quest for the
                  | Orb.
     0 | D:1      | Reached XP level 1. HP: 11/11 MP: 3/3
   163 | D:3      | Reached XP level 2. HP: 17/17 MP: 1/5
   208 | D:4      | Noticed Pikel
   208 | D:4      | Noticed a lemure
   208 | D:4      | Noticed a lemure
   208 | D:4      | Noticed a lemure
   208 | D:4      | Noticed a lemure
   325 | D:4      | Reached skill level 4 in Alchemy
   325 | D:4      | Reached XP level 3. HP: 7/21 MP: 0/6
   446 | D:3      | Found a transporter.
   453 | D:3      | Noticed Flugslaktarn's ghost (amateur MiFi)
   493 | D:3      | Found a transporter.
   861 | D:4      | Killed a lemure
   904 | D:5      | Entered Level 5 of the Dungeon
   904 | D:5      | Noticed a scorpion
   916 | D:5      | Reached skill level 5 in Alchemy
   916 | D:5      | Reached XP level 4. HP: 12/27 MP: 1/8
   916 | D:5      | Killed a scorpion
   917 | D:5      | Reached XP level 5. HP: 15/31 MP: 1/9
   933 | D:5      | Learned a level 4 spell: Olgreb's Toxic Radiance
   976 | D:5      | Noticed an ice beast
  1043 | D:6      | Found a snail-covered altar of Cheibriados.
  1053 | D:6      | Reached skill level 6 in Alchemy
  1053 | D:6      | Reached XP level 6. HP: 36/36 MP: 7/11
  1143 | D:6      | Slain by a wight

Illustrated notes

Levels and vault maps discovered:
D:1:      lemuel_arrival_rhombus, layout_loops_ring,
          minmay_misc_feat_more_columns
D:2:      cheibrodos_old_hovel, layout_basic, uniq_robin
D:3:      layout_basic, gammafunk_ghost_stat_death, uniq_crazy_yiuf_cottage
D:4:      layout_basic, temple_hall, uniq_pikel
D:5:      layout_rooms, kennysheep_boxes, uniq_ijyb
D:6:      layout_loops_ring, chei_slow_surprise, uniq_sigmund

Skill      XL: |  1  2  3  4  5 |
---------------+----------------+-----
Alchemy        | 4 5 6 |  6.2
Spellcasting   | 3 |  3.6
Dodging        | |  2.0
Stealth        | |  2.6
Conjurations   | |  1.0

Action                     |  1- 3 |  4- 6 || total
---------------------------+-------+-------++-------
  Melee: Unarmed           |     8 |       ||     8
         Tentacles         |     5 |     1 ||     6
         Long sword        |    17 |     5 ||    22
         Constrict         |     5 |     1 ||     6
   Cast: Sting             |    36 |    12 ||    48
         Olgreb's Toxic Ra |       |     1 ||     1
    Use: Potion            |       |     1 ||     1
   Stab: Sleeping          |     1 |       ||     1
 Armour: Skin              |    13 |    20 ||    33
  Dodge: Dodged            |    30 |    19 ||    49

Table legend: (Time is in decaauts)
 A = Elapsed time spent in this place.
 B = Non-inter-level travel time spent in this place.
 C = Inter-level travel time spent in this place.
 D = Time resting spent in this place.
 E = Time spent auto-exploring this place.
 F = Levels seen in this place.
 G = Mean time per level.
                   A        B        C        D        E       F      G
               +--------+--------+--------+--------+--------+-----+--------+
         Total |   1150 |   1098 |     52 |      2 |    656 |   6 |  191.7 |
       Dungeon |   1150 |   1098 |     52 |      2 |    656 |   6 |  191.7 |
               +--------+--------+--------+--------+--------+-----+--------+

Top non-repeatable levels by time:
     D:3: 464 daAuts
     D:4: 300 daAuts
     D:6: 151 daAuts
     D:2: 124 daAuts
     D:5: 89 daAuts
     D:1: 20 daAuts
